 Dungeon Crawl Stone Soup version 0.31.0-11-ge490571c62 (webtiles) character file.

Game seed: 14210142724170372344

59 Aldia the Changeling (level 4, -1/33 HPs)
             Began as a Merfolk Shapeshifter on Jan 31, 2024.
             Slain by a frilled lizard (2 damage)
             ... on level 2 of the Dungeon.
             The game lasted 00:02:18 (996 turns).

Aldia the Changeling (Merfolk Shapeshifter)          Turns: 996, Time: 00:02:18

Health: -1/33      AC:  2    Str: 15 (16) XL:     4   Next: 3%
Magic:  4/4        EV: 12    Int:  7 (9)  God:
Gold:   85         SH:  5    Dex: 11 (13) Spells: 3/3 levels left

rFire   . .          .
                       - Unarmed
rCold   . . .        (no shield)
rNeg    . . .        a - +0 animal skin
rPois   .            (helmet currently unavailable)
rElec   .            (cloak currently unavailable)
rCorr   .            (gloves currently unavailable)
SInv    .            (boots currently unavailable)
Will    .....        m - amulet of reflection
Stlth   +            (no ring)
HPRegen 0.25/turn    (no ring)
MPRegen 0.09/turn

%: reflection
@: lethally poisoned (-1 -> -3), beast-form
A: beast (slay +2), (nimble swimmer 2), mertail
a: Begin Untransformation


You were on level 2 of the Dungeon.
You were a hulking beast.
You visited 1 branch of the dungeon, and saw 2 of its levels.

You collected 85 gold pieces.

Inventory:

Armour
 a - a +0 animal skin (worn)
 e - a +0 cloak
 k - a +0 pair of gloves
Jewellery
 g - an amulet of guardian spirit
 m - an amulet of reflection (around neck)
Talismans
 c - a beast talisman
 d - a flux talisman
Scrolls
 f - 2 scrolls of teleportation
 h - a scroll of immolation {unknown}
 i - a scroll of enchant armour {unknown}
 l - a scroll of enchant weapon {unknown}
Potions
 j - a potion of might {unknown}


   Skills:
 + Level 2.0 Fighting
 + Level 3.4 Dodging
 * Level 4.2 Unarmed Combat
 + Level 4.4 Shapeshifting


You had 3 spell levels left.
You didn't know any spells.
Your spell library contained the following spells:

 Spells                   Type           Power      Damage    Failure   Level
 Sublimation of Blood     Necr           0%         N/A       56%         2
 Petrify                  Alch/Erth      0%         N/A       99%         4
 Irradiate                Conj/Alch      0%         3d11      100%        5
 Haunt                    Necr/Summ      0%         N/A       100%        7
 Borgnjor's Revivificati  Necr           0%         N/A       100%        8
 Death's Door             Necr           0%         N/A       100%        9


Dungeon Overview and Level Annotations

Branches:
Dungeon (2/15)

Altars:


Innate Abilities, Weirdness & Mutations

You are a hulking beast.
Your limbs bulge with bestial killing power. (Slay +2)
((You are very nimble when in or above water. (Stealth+, EV+, Speed+++)))
Your lower body shifts to a powerful aquatic tail in water.


Message History

The frilled lizard closely misses you.
The frilled lizard unfolds its giant frill.
The adder bites you.
You are poisoned.
The adder poisons you!
You miss the adder.
The adder is almost dead.
You feel sick.
The frilled lizard completely misses you.
The frilled lizard bites you but does no damage.
The frilled lizard barely misses you. The frilled lizard bites you.
* * * LOW HITPOINT WARNING * * *
The frilled lizard bites you.
* * * LOW HITPOINT WARNING * * *
The adder bites you.
* * * LOW HITPOINT WARNING * * *
Unknown command.
You hit the adder.
You kill the adder!
* * * LOW HITPOINT WARNING * * *
You feel sick. You block the frilled lizard's attack.
The frilled lizard closely misses you. The frilled lizard barely misses you.
The frilled lizard closely misses you.
Your Fighting skill increases to level 2!
You have reached level 4!
Unknown command.
You punch the frilled lizard!
You kill the frilled lizard!
The frilled lizard bites you but does no damage.
The frilled lizard barely misses you. The frilled lizard misses you.
The frilled lizard barely misses you. The frilled lizard bites you.
* * * LOW HITPOINT WARNING * * *
Unknown command.
Unknown command.
It was a potion of degeneration.
There was something very wrong with that liquid.
You feel weakened.
You feel dopey.
You feel clumsy.
* * * LOW HITPOINT WARNING * * *
You feel sick. The frilled lizard bites you.
You die...

.........#..#.# ##.
#####...#..#.# ..
#........#.# #..
#.#...#.##.# #..
#.#...#..#.####.# #####
#.#...##.#.#.)...
##....##.#...##...#.....
...~~ll#.########.#.....
.~~~~llh†# #.'.....
.~~~~~lll# #.#...†.
.~~~~~...# #.#.....
.~~~~~...# #.####'#
..~~~....# +.# #.#
#........# ### #..
###......# ### ........


You could see 7 frilled lizards.

Vanquished Creatures
  4 adders (D:2)
  3 endoplasms (D:1)
  2 giant cockroaches (D:1)
  2 goblins (D:1)
  3 hobgoblins
  A ball python (D:2)
  4 bats
  2 frilled lizards (D:2)
  A kobold (D:1)
  2 rats
24 creatures vanquished.

Notes
Turn   | Place    | Note
-------+----------+-------------------------------------------
     0 | D:1      | Aldia the Merfolk Shapeshifter began the quest for the Orb.
     0 | D:1      | Reached XP level 1. HP: 15/15 MP: 1/1
   138 | D:1      | Reached XP level 2. HP: 15/21 MP: 0/2
   692 | D:2      | Reached XP level 3. HP: 4/27 MP: 1/3
   846 | D:2      | Found a faded altar of an unknown god.
   849 | D:2      | Noticed a glass eye
   854 | D:2      | Noticed a great orb of eyes
   854 | D:2      | Noticed an eye of devastation
   854 | D:2      | Noticed an eye of devastation
   995 | D:2      | Reached XP level 4. HP: 4/33 MP: 4/4
   996 | D:2      | HP: 1/33 [poisoned by an adder]
   996 | D:2      | Slain by a frilled lizard

Illustrated notes

Levels and vault maps discovered:
D:1:      lightli_arrival_boilingwater, layout_basic
D:2:      layout_basic, hellmonk_ecumenical_altar_watching_god,
          minmay_lizard_pond

Skill      XL: |  1  2  3 |
---------------+----------+-----
Dodging        | 3 |  3.4
Unarmed Combat | 4 |  4.2
Fighting       | 2 |  2.0
Shapeshifting  | |  4.4

Action                     |  1- 3 |  4- 6 || total
---------------------------+-------+-------++-------
  Melee: Unarmed           |    72 |     1 ||    73
         Punch             |     1 |       ||     1
    Use: Potion            |     1 |     1 ||     2
         Scroll            |     1 |       ||     1
   Stab: Sleeping          |     1 |       ||     1
 Armour: Animal skin       |    44 |     3 ||    47
         Skin              |    18 |       ||    18
  Dodge: Dodged            |    46 |     3 ||    49
  Block: Other             |     4 |       ||     4
